 Dungeon Crawl Stone Soup version 0.31-a0-1570-g93c622d222 (webtiles) character file.

Game seed: 12251048389384734229

47 Atlas the Firebug (level 3, -3/36 HPs)
             Began as a Demonspawn Fire Elementalist on Jan 4, 2024.
             Slain by an orc
             ... wielding a +0 morningstar
              (4 damage)
             ... on level 3 of the Dungeon.
             The game lasted 00:02:12 (2764 turns).

Atlas the Firebug (Demonspawn Fire Elementalist)    Turns: 2764, Time: 00:02:12

Health: -3/36      AC: 21    Str:  8    XL:     3   Next: 48%
Magic:  6/6        EV:  2    Int: 17    God:
Gold:   103        SH:  0    Dex: 13    Spells: 4/7 levels left

rFire   . . .        h - staff of air
rCold   . . .        (no shield)
rNeg    . . .        d - melded +0 leather armour
rPois   +            (helmet currently unavailable)
rElec   +            (cloak currently unavailable)
rCorr   .            m - melded +1 pair of gloves
SInv    .            (boots currently unavailable)
Will    .....        l - amulet of regeneration
Stlth   ++           (no ring)
HPRegen 1.06/turn    (no ring)
MPRegen 0.10/turn

%: no passive effects
@: tree-form
A: stationary, stasis, torment immunity, boosted hp, (sanguine armour 2)
a: no special abilities


You were on level 3 of the Dungeon.
You were a tree.
You visited 1 branch of the dungeon, and saw 3 of its levels.

You collected 103 gold pieces.

Inventory:

Armour
 d - a +0 leather armour (melded)
 m - a +1 pair of gloves (melded)
Magical Staves
 h - a staff of air (weapon)
Jewellery
 l - an amulet of regeneration (around neck)
Scrolls
 c - a scroll of poison {unknown}
 e - 4 scrolls of identify {unknown}
 f - 2 scrolls of fog {unknown}
 g - a scroll of noise {unknown}
 j - 3 scrolls of enchant weapon {unknown}
 k - a scroll of blinking {unknown}
 n - a scroll of teleportation {unknown}
Potions
 a - a potion of attraction {unknown}


   Skills:
 + Level 0.2 Armour
 + Level 1.9 Dodging
 + Level 2.0 Stealth
 + Level 2.5 Spellcasting
 + Level 1.7 Conjurations
 + Level 3.2 Fire Magic


You had 4 spell levels left.
You knew the following spells:

 Your Spells              Type           Power      Damage    Failure   Level
a - Scorch                Fire           26%        2d6       8%          2
b - Foxfire               Conj/Fire      40%        2x1d6     7%          1

Your spell library contained the following spells:

 Spells                   Type           Power      Damage    Failure   Level
 Inner Flame              Hex/Fire       7%         N/A       28%         3
 Volatile Blastmotes      Fire/Tloc      14%        2d11      28%         3
 Flame Wave               Conj/Fire      10%        2d6       54%         4


Dungeon Overview and Level Annotations

Branches:
Dungeon (3/15)

Altars:
Okawaru


Innate Abilities, Weirdness & Mutations

You are a tree.
Your roots penetrate the ground, keeping you stationary.
You cannot be teleported.
You are immune to unholy pain and torment.
Your maximum health is greatly increased.
Your equipment is partially melded.
((When seriously injured, your blood forms thick armour. (AC +0)))


Message History

The orc wizard hits you but does no damage.
The orc barely misses you.
You hit the orc.
The orc is moderately wounded.
The orc closely misses you.
The orc wizard gestures at you while chanting.
You resist with significant effort. The orc completely misses you.
The orc barely misses you. The orc wizard barely misses you.
Unknown command.
Your blood armour dries and flakes away.
The orc hits you with a +0 hand axe.
Your blood congeals into armour.
The orc wizard attacks as it pursues you!
The orc wizard hits you but does no damage.
You conjure some foxfire!
The orc hits you with a +0 hand axe. The orc hits you but does no damage.
You hit the orc but do no damage.
The orc is moderately wounded.
The foxfire hits the orc but does no damage.
The orc is moderately wounded.
The foxfire hits the orc but does no damage.
The orc is moderately wounded.
The orc wizard hits you with a +0 dagger.
The orc closely misses you. The orc hits you but does no damage.
The orc wizard points at you and mumbles some strange words.
The magic dart hits you!
* * * LOW HITPOINT WARNING * * *
It was a potion of lignification.
You turn into a tree.
Your +1 pair of gloves melds into your body.
Your +0 leather armour melds into your body.
Your roots penetrate the ground.
Your blood armour dries and flakes away.
The orc hits you with a +0 hand axe.
* * * LOW HITPOINT WARNING * * *
The orc hits you with a +0 morningstar.
* * * LOW HITPOINT WARNING * * *
The orc wizard hits you but does no damage.
Magic courses through your body. The orc hits you with a +0 hand axe.
* * * LOW HITPOINT WARNING * * *
The orc hits you with a +0 morningstar.
You die...

...........########
##................#
..................#
#.................#
#.###.............#######
# #...................#
#...................#
..............o......#
......#.#....♣o......#
....#.#.....o......# ..
#.#............#
#..............#
##.............#
...............#
##.............#
##............


You could see an orc wizard and 2 orcs.

Vanquished Creatures
  An adder (D:3)
  4 endoplasms
  A goblin (D:3)
  A hobgoblin (D:1)
  2 jackals (D:2)
  3 quokkas
  5 ball pythons
  4 bats
  5 frilled lizards
  5 kobolds
  8 rats
39 creatures vanquished.

Vanquished Creatures (collateral kills)
  8 foxfires (D:1)
8 creatures vanquished.

Vanquished Creatures (others)
  130 foxfires
130 creatures vanquished.

Grand Total: 177 creatures vanquished

Notes
Turn   | Place    | Note
-------+----------+-------------------------------------------
     0 | D:1      | Atlas the Demonspawn Fire Elementalist began the quest for
                  | the Orb.
     0 | D:1      | Reached XP level 1. HP: 13/13 MP: 3/3
   541 | D:1      | You fall into a shaft and drop 1 floor!
   549 | D:1      | Gained mutation: When seriously injured, your blood forms
                  | armour. (AC +0) [demonic ancestry]
   549 | D:1      | Reached XP level 2. HP: 19/19 MP: 0/5
  1059 | D:2      | Reached skill level 3 in Fire Magic
  1327 | D:2      | Learned a level 2 spell: Scorch
  2052 | D:2      | Found an iron altar of Okawaru.
  2414 | D:3      | Gained mutation: When seriously injured, your blood forms
                  | thick armour. (AC +0) [demonic ancestry]
  2414 | D:3      | Reached XP level 3. HP: 24/24 MP: 0/6
  2764 | D:3      | HP: 1/36 [orc/+0 hand axe (3)]
  2764 | D:3      | Slain by an orc

Illustrated notes

Levels and vault maps discovered:
D:1:      erik_arrival_orb_chamber, layout_rooms, serial_bayou,
          serial_bayou_lagoon_b, serial_bayou_pond_e, serial_bayou_shore_a,
          serial_bayou_lagoon_a, minmay_misc_feat_roman, moated_statue
D:2:      layout_basic, basic_altar, kennysheep_boxes
D:3:      minmay_skewed_foursquare, layout_basic

Skill      XL: |  1  2  3 |
---------------+----------+-----
Fire Magic     | 3 |  3.2
Stealth        | 2 |  2.0
Armour         | |  0.2
Dodging        | |  1.9
Spellcasting   | |  2.5
Conjurations   | |  1.7

Action                     || total
---------------------------++-------
  Melee: Staff             ||    25
         Punch             ||     1
   Cast: Foxfire           ||    78
         Scorch            ||     3
    Use: Potion            ||     2
 Armour: Leather armour    ||    27
         Skin              ||     5
  Dodge: Dodged            ||    27

Table legend: (Time is in decaauts)
 A = Elapsed time spent in this place.
 B = Non-inter-level travel time spent in this place.
 C = Inter-level travel time spent in this place.
 D = Time resting spent in this place.
 E = Time spent auto-exploring this place.
 F = Levels seen in this place.
 G = Mean time per level.
                   A        B        C        D        E       F      G
               +--------+--------+--------+--------+--------+-----+--------+
         Total |   2845 |   2774 |     71 |      0 |   2484 |   3 |  948.3 |
       Dungeon |   2845 |   2774 |     71 |      0 |   2484 |   3 |  948.3 |
               +--------+--------+--------+--------+--------+-----+--------+

Top non-repeatable levels by time:
     D:2: 1311 daAuts
     D:1: 1104 daAuts
     D:3: 429 daAuts
